 Dungeon Crawl Stone Soup version 0.30.0-18-gc0e69614cb (webtiles) character file.

Game seed: 5074100298545262820

598 KittyFluff the Cudgeller (level 7, -13/44 HPs)
             Began as a Gargoyle Berserker on May 25, 2023.
             Was a Priest of Trog.
             Mangled by an ogre
             ... wielding a +0 giant club
              (15 damage)
             ... on level 6 of the Dungeon.
             The game lasted 00:21:12 (3850 turns).

KittyFluff the Cudgeller (Gargoyle Berserker)       Turns: 3850, Time: 00:21:14

Health: -13/44     AC: 29    Str: 21    XL:     7   Next: 40%
Magic:  7/7        EV: 11    Int:  7    God:    Trog [***...]
Gold:   317        SH:  0    Dex: 11    Spells: 6/6 levels left

rFire   . . .        F - +1 flail (protect)
rCold   . . .        (no shield)
rNeg    + . .        z - quicksilver dragon scales
rPois   ∞            w - +1 helmet
rElec   +            (no cloak)
rCorr   .            t - +0 pair of gloves
SInv    .            G - +2 pair of boots
Will    +....        B - amulet of regeneration
Stlth   +            (no ring)
HPRegen 1.07/turn    (no ring)
MPRegen 0.10/turn

%: no passive effects
@: under a protective aura
A: sickness immunity, AC +4, negative energy resistance 1, electricity
resistance, torment resistance 1, petrification resistance
a: Renounce Religion, Berserk, Trog's Hand


You were on level 6 of the Dungeon.
You worshipped Trog.
Trog was most pleased with you.
You visited 1 branch of the dungeon, and saw 6 of its levels.

You collected 317 gold pieces.

Inventory:

Hand Weapons
 a - a +0 mace
 F - a +1 flail of protection (weapon)
Missiles
 n - 21 poisoned darts (quivered)
 D - 2 boomerangs
Armour
 d - a +0 leather armour
 t - a +0 pair of gloves (worn)
 w - a +1 helmet (worn)
 x - a +3 scale mail
 z - quicksilver dragon scales (worn)
 G - a +2 pair of boots (worn)
Jewellery
 s - an amulet of the acrobat
 B - an amulet of regeneration (around neck)
 J - a ring of magical power
Wands
 b - a wand of charming (8)
 o - a wand of light (8)
Scrolls
 c - 2 scrolls of noise {unknown}
 e - a scroll of amnesia {unknown}
 g - a scroll of fear {unknown}
 h - a scroll of summoning {unknown}
 i - a scroll of poison {unknown}
 j - a scroll of magic mapping {unknown}
 p - 2 scrolls of enchant armour {unknown}
 q - a scroll of enchant weapon {unknown}
 v - 3 scrolls of immolation {unknown}
 y - a scroll of brand weapon {unknown}
 I - a scroll of blinking {unknown}
Potions
 f - a potion of attraction
 k - 2 potions of curing
 l - 3 potions of ambrosia
 m - a potion of haste {unknown}
 r - a potion of brilliance {unknown}
 u - 2 potions of mutation {unknown}
 A - a potion of berserk rage {unknown}
 E - 2 potions of heal wounds {unknown}
 H - a potion of lignification {unknown}


   Skills:
 + Level 4.5 Fighting
 * Level 6.7 Maces & Flails
 * Level 4.1 Armour
 + Level 2.3 Dodging
 + Level 0.2 Stealth


You had 6 spell levels left.
You didn't know any spells.
Your spell library was empty.

Dungeon Overview and Level Annotations

Branches:
Dungeon (6/15)
 Temple: D:4-7

Altars:
Fedhas
Gozag

Shops:
D:3 *   D:4 (


Innate Abilities, Weirdness & Mutations

You are immune to sickness and miasma.
Your stone body is resilient. (AC +4)
You are immune to poison.
You resist negative energy. (rN+)
You are resistant to electric shocks. (rElec)
You are resistant to unholy torment.
You are immune to petrification.


Message History

The orc wizard casts a spell at you. The magic dart hits you.
The orc priest closely misses you.
You sock the orc priest!
The orc priest is almost dead.
The orc wizard hits you but does no damage.
The orc priest closely misses you.
You hit the orc priest.
You kill the orc priest!
Trog accepts your kill.
The orc wizard hits you with a +0 dagger.
The orc wizard hits you but does no damage.
The ogre hits you with a +0 giant club!
Your Armour skill increases to level 4!
You sock the ogre!
The ogre is moderately wounded.
The orc wizard hits you but does no damage.
You completely miss the ogre.
The ogre is moderately wounded.
The ogre hits you with a +0 giant club!!
* * * LOW HITPOINT WARNING * * *
The orc wizard barely misses you.
You hit the ogre.
The ogre is heavily wounded.
The ogre barely misses you.
The orc wizard gestures at you while chanting.
The magic dart hits you but does no damage.
You sock the ogre!
The ogre is almost dead.
The orc wizard hits you but does no damage.
You barely miss the ogre.
The ogre is almost dead.
The ogre completely misses you.
The orc wizard hits you but does no damage.
You hit the ogre but do no damage.
The ogre is almost dead.
The orc wizard casts a spell at you. The puff of flame hits you!
* * * LOW HITPOINT WARNING * * *
The ogre hits you with a +0 giant club!
You die...

#..##
##..##
O..##..###
....##...#
.....###.#
.=(...##.#
....O..#.#
.....o.#.#
♣......#@#
♣..Oo#
♣..'.#
.....###
.......
.......
).....#
.....#
)...#


You could see an ogre and an orc wizard.

Vanquished Creatures
  2 ogres (D:6)
  A phantom (D:5)
  A scorpion (D:5)
  An orc priest (D:6)
  A jelly (D:5)
  An iguana (D:4)
  An orc wizard (D:5)
  6 adders
  3 gnolls (D:3)
  A shadow imp (D:5)
  A white imp (D:5)
  An ufetubus (D:3)
  A worm (D:3)
  3 dart slugs
  11 orcs
  4 endoplasms
  5 giant cockroaches
  5 goblins
  5 hobgoblins
  3 jackals (D:4)
  2 quokkas
  5 ball pythons
  10 bats
  4 frilled lizards
  2 kobolds
  5 rats
85 creatures vanquished.

Notes
Turn   | Place    | Note
-------+----------+-------------------------------------------
     0 | D:1      | KittyFluff the Gargoyle Berserker began the quest for the
                  | Orb.
     0 | D:1      | Reached XP level 1. HP: 14/14 MP: 1/1
   298 | D:1      | Reached XP level 2. HP: 19/19 MP: 2/2
  1016 | D:2      | Reached XP level 3. HP: 23/23 MP: 3/3
  1494 | D:3      | Found an opulent altar of Gozag.
  1494 | D:3      | Found Gozag's Platinum Reserve.
  1604 | D:3      | Reached skill level 4 in Maces & Flails
  1693 | D:3      | Reached XP level 4. HP: 25/29 MP: 4/4
  1941 | D:3      | Reached ** piety under Trog
  2343 | D:4      | Reached skill level 5 in Maces & Flails
  2343 | D:4      | Reached XP level 5. HP: 24/33 MP: 5/5
  2426 | D:4      | Found Kunet's Antique Weapon Shop.
  3008 | D:4      | Found a blossoming altar of Fedhas.
  3060 | D:5      | Entered Level 5 of the Dungeon
  3127 | D:5      | Noticed a phantom
  3176 | D:5      | Killed a phantom
  3177 | D:5      | Reached XP level 6. HP: 38/38 MP: 6/6
  3390 | D:5      | Reached skill level 6 in Maces & Flails
  3665 | D:6      | Noticed an ice beast
  3692 | D:6      | Reached XP level 7. HP: 30/44 MP: 7/7
  3699 | D:6      | Reached *** piety under Trog
  3850 | D:6      | HP: 2/44 [orc wizard/puff of flame (9)]
  3850 | D:6      | Mangled by an ogre

Illustrated notes

Levels and vault maps discovered:
D:1:      eino_arrival_cavern_a, layout_basic
D:2:      layout_basic, serial_curves, eino_curves_01, eino_curves_02
D:3:      cheibrodos_old_hovel, layout_rooms, nicolae_gozag_zags_fifth_avenue
D:4:      layout_rooms, mainiacjoe_overflow_cross_hatched, serial_shops,
          nicolae_shop_trees, minmay_tree_intersection, serial_bayou_lagoon_b
D:5:      layout_rooms, kennysheep_generic_room_9
D:6:      minmay_chambers_of_fours, layout_basic, temple_statues, serial_bayou,
          serial_bayou_crossing, serial_bayou_pond_b, serial_bayou_shore_b,
          serial_bayou_pond_b, kennysheep_cross_room, uniq_pikel

Skill      XL: |  1  2  3  4  5  6  7 |
---------------+----------------------+-----
Maces & Flails | 4 5 6 |  6.7
Dodging        | 2 |  2.3
Fighting       | 4 |  4.5
Armour         | 3 4 |  4.1
Stealth        | |  0.2

Action                     |  1- 3 |  4- 6 |  7- 9 || total
---------------------------+-------+-------+-------++-------
  Melee: Mace              |    91 |   205 |       ||   296
         Punch             |     1 |     4 |     1 ||     6
         Flail             |       |    32 |    27 ||    59
  Throw: Dart              |       |       |     1 ||     1
    Use: Scroll            |     3 |     1 |       ||     4
 Armour: Leather armour    |    44 |    33 |       ||    77
         Quicksilver drago |       |    84 |    11 ||    95
  Dodge: Dodged            |    63 |   140 |    11 ||   214
